[ AOE2 MATCH · #507387639 ]
UnrankedMongols vs Tupi
Player's team · LOSS
Rival team · WIN
[ REPLAY ANALYSIS · EXTRACTED FROM THE RECORDED GAME ]
Feudal
7:35
Castle
22:59
Imperial
39:44
| APM avg | 62.0 |
| APM peak | 91 |
| eAPM avg | 23.9 |
| Villagers / military | 102 / 72 |
Focus
⚔️ 28.9% · 🌾 71.1%
Steppe Lancer ×34 · Archer ×22 · Mangudai ×7 · Mangonel ×2 · Scout Cavalry ×2 · Trebuchet (Packed) ×2
Feudal
10:13
Castle
21:38
Imperial
35:52
| APM avg | 60.3 |
| APM peak | 102 |
| eAPM avg | 28.4 |
| Villagers / military | 138 / 134 |
Focus
⚔️ 44.3% · 🌾 55.7%
Archer ×115 · Skirmisher ×10 · Unknown (2579) ×8 · Unknown (2550) ×5 · Monk ×4 · Trebuchet (Packed) ×4
Match map
Initial resources + every placement click. Lines = walls · curves = elevation contours. ◆ gold · ⬟ stone · ● berries · ✦ relic · ◌ wall gap
Your base· Open — 2t gap
RD | Lina's base· Open — 10t gap
Smoothed initial terrain · ◌ = detected wall gap · hover for details
Inputs per minute
— El_Ti_Rex - - RD | Lina
Build order — El_Ti_Rex
First 150 of 312 actions detected
| 0:00 | Create | Villager (Male) |
| 0:01 | Build | House |
| 0:02 | Build | House |
| 0:25 | Create | Villager (Male) |
| 0:28 | Create | Villager (Male) |
| 0:29 | Create | Villager (Male) |
| 1:32 | Create | Villager (Male) |
| 1:51 | Build | Lumber Camp |
| 2:01 | Create | Villager (Male) |
| 2:12 | Build | House |
| 2:17 | Create | Villager (Male) |
| 2:44 | Create | Villager (Male) |
| 2:56 | Create | Villager (Male) |
| 3:22 | Create | Villager (Male) |
| 4:06 | Create | Villager (Male) |
| 4:26 | Create | Villager (Male) |
| 4:40 | Create | Villager (Male) |
| 4:43 | Build | Mill |
| 5:17 | Research | Feudal Age |
| 5:58 | Build | House |
| 5:59 | Build | Palisade Wall |
| 6:16 | Build | Palisade Wall |
| 6:53 | Build | Palisade Wall |
| 7:06 | Create | Villager (Male) |
| 7:27 | Build | Barracks |
| 7:35 | Age | Feudal Age |
| 7:39 | Research | Double-Bit Axe |
| 7:42 | Research | Loom |
| 8:15 | Build | Palisade Wall |
| 8:19 | Create | Villager (Male) |
| 8:31 | Build | Mining Camp |
| 8:37 | Create | Villager (Male) |
| 8:47 | Build | Archery Range |
| 9:03 | Create | Villager (Male) |
| 9:13 | Build | Palisade Wall |
| 9:30 | Create | Villager (Male) |
| 9:33 | Build | House |
| 9:34 | Create | Archer |
| 9:39 | Build | Palisade Wall |
| 9:58 | Build | Farm |
| 9:59 | Build | Farm |
| 10:00 | Create | Villager (Male) |
| 10:06 | Create | Archer |
| 10:27 | Create | Archer |
| 10:32 | Create | Villager (Male) |
| 10:52 | Create | Villager (Male) |
| 10:57 | Create | Archer |
| 11:14 | Build | Blacksmith |
| 11:15 | Create | Villager (Male) |
| 11:19 | Build | House |
| 11:27 | Create | Villager (Male) |
| 11:31 | Build | Palisade Wall |
| 11:34 | Build | Palisade Wall |
| 11:38 | Create | Archer |
| 11:42 | Build | House |
| 12:00 | Create | Archer |
| 12:06 | Create | Villager (Male) |
| 12:10 | Create | Villager (Male) |
| 12:33 | Create | Archer |
| 12:35 | Build | House |
| 12:52 | Create | Villager (Male) |
| 12:58 | Build | Farm |
| 12:59 | Build | Farm |
| 13:09 | Create | Villager (Male) |
| 13:11 | Build | Farm |
| 13:13 | Build | Farm |
| 13:25 | Create | Archer |
| 13:40 | Create | Villager (Male) |
| 13:42 | Build | Farm |
| 13:50 | Build | Farm |
| 13:56 | Create | Villager (Male) |
| 13:57 | Create | Archer |
| 14:24 | Create | Villager (Male) |
| 14:27 | Build | Farm |
| 14:28 | Build | Farm |
| 14:31 | Create | Archer |
| 14:42 | Build | Farm |
| 14:46 | Create | Villager (Male) |
| 15:05 | Create | Villager (Male) |
| 15:15 | Create | Villager (Male) |
| 15:17 | Build | Stable |
| 15:22 | Create | Archer |
| 15:30 | Build | Farm |
| 15:44 | Build | House |
| 15:53 | Create | Scout Cavalry |
| 15:55 | Create | Militia |
| 15:57 | Build | House |
| 16:07 | Create | Villager (Male) |
| 16:07 | Create | Archer |
| 16:18 | Create | Villager (Male) |
| 16:21 | Build | Market |
| 16:26 | Create | Archer |
| 16:27 | Create | Villager (Male) |
| 16:36 | Build | Palisade Wall |
| 16:53 | Build | Farm |
| 16:59 | Research | Fletching |
| 17:00 | Create | Archer |
| 17:11 | Build | Farm |
| 17:26 | Create | Villager (Male) |
| 17:29 | Build | House |
| 17:30 | Build | House |
| 17:35 | Build | House |
| 17:41 | Create | Archer |
| 17:48 | Create | Villager (Male) |
| 17:50 | Create | Archer |
| 18:07 | Build | Farm |
| 18:25 | Create | Villager (Male) |
| 18:40 | Create | Archer |
| 18:47 | Create | Villager (Male) |
| 18:49 | Build | Farm |
| 18:52 | Build | Mining Camp |
| 19:14 | Build | Farm |
| 19:15 | Build | Farm |
| 19:22 | Create | Archer |
| 19:22 | Create | Villager (Male) |
| 20:11 | Create | Scout Cavalry |
| 20:11 | Create | Archer |
| 20:19 | Research | Castle Age |
| 20:57 | Build | Stable |
| 21:08 | Research | Horse Collar |
| 21:11 | Research | Gold Mining |
| 21:57 | Build | Farm |
| 22:02 | Build | Lumber Camp |
| 22:05 | Build | Farm |
| 22:15 | Research | Bloodlines |
| 22:16 | Research | Scale Barding Armor |
| 22:22 | Create | Archer |
| 22:59 | Age | Castle Age |
| 23:02 | Research | Crossbowman (upgrade) |
| 23:06 | Research | Bodkin Arrow |
| 23:13 | Create | Villager (Male) |
| 23:16 | Create | Villager (Male) |
| 23:28 | Create | Steppe Lancer |
| 23:36 | Create | Villager (Male) |
| 23:59 | Create | Villager (Male) |
| 24:01 | Create | Steppe Lancer |
| 24:01 | Create | Steppe Lancer |
| 24:15 | Create | Steppe Lancer |
| 24:22 | Create | Villager (Male) |
| 24:30 | Build | House |
| 24:52 | Create | Steppe Lancer |
| 24:52 | Create | Steppe Lancer |
| 24:56 | Build | Town Center |
| 25:01 | Create | Villager (Male) |
| 25:12 | Build | Mining Camp |
| 25:17 | Create | Steppe Lancer |
| 25:18 | Create | Steppe Lancer |
| 25:22 | Create | Villager (Male) |
| 25:28 | Build | Monastery |
| 25:35 | Research | Husbandry |
Build order — RD | Lina
First 150 of 443 actions detected
| 0:00 | Create | Villager (Male) |
| 0:01 | Create | Villager (Male) |
| 0:02 | Build | House |
| 0:03 | Build | House |
| 0:07 | Create | Villager (Male) |
| 0:09 | Create | Villager (Male) |
| 0:22 | Build | Barracks |
| 1:19 | Create | Villager (Male) |
| 1:37 | Create | Villager (Male) |
| 2:17 | Create | Unit 2550 |
| 2:17 | Create | Unit 2550 |
| 2:37 | Create | Villager (Male) |
| 2:38 | Create | Villager (Male) |
| 2:51 | Create | Villager (Male) |
| 3:01 | Build | House |
| 3:06 | Create | Unit 2550 |
| 3:06 | Create | Unit 2550 |
| 3:21 | Create | Villager (Male) |
| 3:46 | Create | Villager (Male) |
| 3:55 | Create | Villager (Male) |
| 4:19 | Create | Villager (Male) |
| 4:40 | Create | Villager (Male) |
| 4:43 | Build | House |
| 4:48 | Create | Villager (Male) |
| 4:57 | Research | Loom |
| 5:06 | Create | Villager (Male) |
| 5:21 | Build | Outpost |
| 5:21 | Create | Villager (Male) |
| 5:23 | Create | Villager (Male) |
| 5:39 | Create | Villager (Male) |
| 6:12 | Build | Settlement |
| 6:14 | Create | Villager (Male) |
| 6:36 | Create | Villager (Male) |
| 7:01 | Create | Villager (Male) |
| 7:17 | Research | Loom |
| 7:17 | Research | Loom |
| 7:33 | Build | Outpost |
| 7:55 | Research | Feudal Age |
| 7:55 | Research | Feudal Age |
| 8:20 | Build | Settlement |
| 8:25 | Create | Unit 2550 |
| 8:52 | Create | Villager (Male) |
| 9:03 | Create | Villager (Male) |
| 9:08 | Build | House |
| 9:10 | Build | Palisade Wall |
| 9:11 | Build | House |
| 9:14 | Create | Villager (Male) |
| 9:37 | Build | Outpost |
| 9:39 | Create | Villager (Male) |
| 9:45 | Create | Villager (Male) |
| 9:49 | Build | Settlement |
| 10:06 | Create | Villager (Male) |
| 10:13 | Age | Feudal Age |
| 10:15 | Research | Double-Bit Axe |
| 10:17 | Create | Villager (Male) |
| 10:23 | Create | Spearman |
| 10:37 | Build | House |
| 10:55 | Build | Watch Tower |
| 11:00 | Create | Villager (Male) |
| 11:03 | Create | Villager (Male) |
| 11:06 | Create | Villager (Male) |
| 11:08 | Build | Archery Range |
| 11:23 | Create | Villager (Male) |
| 12:03 | Research | Tech 1402 |
| 12:10 | Build | Outpost |
| 12:11 | Create | Villager (Male) |
| 12:13 | Build | Farm |
| 12:14 | Build | Farm |
| 12:23 | Create | Villager (Male) |
| 12:24 | Build | Farm |
| 12:37 | Create | Villager (Male) |
| 12:43 | Create | Skirmisher |
| 12:51 | Create | Villager (Male) |
| 12:54 | Build | Watch Tower |
| 12:58 | Build | Watch Tower |
| 13:03 | Create | Skirmisher |
| 13:07 | Create | Villager (Male) |
| 13:08 | Create | Skirmisher |
| 13:11 | Create | Villager (Male) |
| 13:19 | Create | Skirmisher |
| 13:23 | Build | Palisade Wall |
| 13:28 | Create | Skirmisher |
| 13:47 | Build | Outpost |
| 13:50 | Create | Skirmisher |
| 13:52 | Create | Villager (Male) |
| 13:59 | Create | Skirmisher |
| 14:01 | Build | Farm |
| 14:09 | Build | Farm |
| 14:32 | Build | Blacksmith |
| 14:40 | Create | Villager (Male) |
| 14:46 | Create | Villager (Male) |
| 15:06 | Create | Villager (Male) |
| 15:07 | Build | Farm |
| 15:08 | Build | Farm |
| 15:18 | Create | Villager (Male) |
| 15:27 | Create | Villager (Male) |
| 15:29 | Build | Farm |
| 15:50 | Build | Farm |
| 15:55 | Build | Farm |
| 15:56 | Build | Farm |
| 15:59 | Create | Skirmisher |
| 16:00 | Create | Skirmisher |
| 16:03 | Create | Villager (Male) |
| 16:16 | Research | Fletching |
| 16:16 | Research | Fletching |
| 16:28 | Build | Market |
| 16:48 | Create | Villager (Male) |
| 16:56 | Create | Villager (Male) |
| 17:03 | Build | House |
| 17:11 | Build | Farm |
| 17:13 | Build | Farm |
| 17:14 | Create | Villager (Male) |
| 17:21 | Create | Villager (Male) |
| 17:28 | Build | Farm |
| 17:30 | Build | Farm |
| 17:31 | Build | Farm |
| 17:33 | Build | Farm |
| 17:37 | Create | Villager (Male) |
| 17:37 | Create | Villager (Male) |
| 18:00 | Build | Farm |
| 18:09 | Create | Villager (Male) |
| 18:46 | Build | Farm |
| 18:58 | Research | Castle Age |
| 18:58 | Research | Castle Age |
| 19:04 | Build | Archery Range |
| 19:08 | Create | Archer |
| 19:09 | Create | Archer |
| 19:09 | Create | Archer |
| 19:36 | Build | House |
| 19:51 | Create | Archer |
| 19:52 | Create | Archer |
| 20:10 | Build | Watch Tower |
| 20:14 | Build | Palisade Wall |
| 20:17 | Create | Archer |
| 20:18 | Create | Archer |
| 20:31 | Research | Padded Archer Armor |
| 20:31 | Research | Padded Archer Armor |
| 20:34 | Create | Archer |
| 20:46 | Create | Villager (Male) |
| 20:53 | Build | Settlement |
| 21:03 | Create | Archer |
| 21:04 | Create | Archer |
| 21:15 | Research | Gold Mining |
| 21:18 | Research | Horse Collar |
| 21:18 | Research | Horse Collar |
| 21:38 | Age | Castle Age |
| 21:47 | Research | Bodkin Arrow |
| 21:50 | Research | Crossbowman (upgrade) |
| 21:50 | Research | Crossbowman (upgrade) |
| 21:51 | Create | Archer |
Match timeline
| 0:22 | RD | Lina · first_building Barracks |
| 5:59 | El_Ti_Rex · wall_segment Palisade Wall x1 |
| 6:16 | El_Ti_Rex · wall_segment Palisade Wall x7 |
| 6:53 | El_Ti_Rex · wall_segment Palisade Wall x1 |
| 7:27 | El_Ti_Rex · first_building Barracks |
| 7:35 | El_Ti_Rex · age_up feudal |
| 8:15 | El_Ti_Rex · wall_segment Palisade Wall x1 |
| 8:47 | El_Ti_Rex · first_building Archery Range |
| 9:10 | RD | Lina · wall_segment Palisade Wall x1 |
| 9:13 | El_Ti_Rex · wall_segment Palisade Wall x1 |
| 9:39 | El_Ti_Rex · wall_segment Palisade Wall x1 |
| 10:13 | RD | Lina · age_up feudal |
| 11:08 | RD | Lina · first_building Archery Range |
| 11:31 | El_Ti_Rex · wall_segment Palisade Wall x1 |
| 11:34 | El_Ti_Rex · wall_segment Palisade Wall x1 |
| 13:23 | RD | Lina · wall_segment Palisade Wall x7 |
| 15:17 | El_Ti_Rex · first_building Stable |
| 16:36 | El_Ti_Rex · wall_segment Palisade Wall x1 |
| 17:41 | RD | Lina · first_market_buy 100 food |
| 18:11 | RD | Lina · first_market_sell 100 wood |
| 19:09 | El_Ti_Rex · first_market_buy 500 food |
| 20:14 | RD | Lina · wall_segment Palisade Wall x5 |
| 21:38 | RD | Lina · age_up castle |
| 22:59 | El_Ti_Rex · age_up castle |
| 23:05 | El_Ti_Rex · first_market_sell 100 wood |
| 25:28 | El_Ti_Rex · first_building Monastery |
| 26:33 | El_Ti_Rex · first_building Siege Workshop |
| 28:18 | RD | Lina · first_building Monastery |
| 28:20 | RD | Lina · wall_segment Palisade Wall x1 |
| 30:38 | RD | Lina · first_building Castle |
| 32:47 | RD | Lina · wall_segment Stone Wall x6 |
| 33:15 | RD | Lina · wall_segment Stone Wall x1 |
| 33:29 | RD | Lina · wall_segment Stone Wall x5 |
| 33:32 | RD | Lina · wall_segment Stone Wall x8 |
| 33:57 | RD | Lina · wall_segment Stone Wall x2 |
| 33:59 | RD | Lina · wall_segment Stone Wall x8 |
| 34:10 | RD | Lina · wall_segment Stone Wall x1 |
| 35:02 | El_Ti_Rex · first_building Castle |
| 35:13 | RD | Lina · wall_segment Stone Wall x1 |
| 35:14 | RD | Lina · wall_segment Stone Wall x1 |
| 35:15 | RD | Lina · wall_segment Stone Wall x2 |
| 35:52 | RD | Lina · age_up imperial |
| 39:44 | El_Ti_Rex · age_up imperial |
| 40:27 | El_Ti_Rex · resign |
[ AI ANALYSIS · 1 CREDIT ]
What really happened in this match?
Wolo.gg analyzes every decision: build order, eco, micro, common mistakes by bracket. Personalized analysis on WhatsApp or Discord in 30 seconds.
Civ guide
Mongols
Perfil
El Ti Rex